Map: Dusk Towers

Players

Marty - Winner!

  • Race: Terran Terran
  • League: Gold

DeathnDisco

  • Race: Terran Terran
  • League: Gold

VOD

Have the link to the VOD?

Description

Time

  • Played on: Dec. 10, 2015, 10:04 p.m.
  • Length: 13:48
Show
View Real Time Build Order
Export as new Build Order

Marty Terran - Winner!

Build Orders: Bio Tank 

Get SALT Encoding   

  12  0:02  SCV  
  14  0:14  SCV  
  14  0:23  Supply Depot  
  14  0:26  SCV  
  15  0:29  Refinery  
  15  0:44  SCV  
  15  0:47  Barracks  
  16  1:00  SCV  
  17  1:20  SCV  
  18  1:35  Orbital Command  
  18  1:36  Marine  
  19  1:41  Factory  
  19  1:44  Refinery  
  19  1:47  Supply Depot  
  19  1:58  Marine  
  19  2:00  SCV  
  21  2:11  Refinery  
  21  2:13  SCV  
  22  2:23  Marine  
  22  2:25  SCV  
  22  2:26  Factory Tech Lab  
  24  2:30  Command Center  
  24  2:37  SCV  
  25  2:47  Siege Tank  
  28  2:55  Supply Depot  
  28  2:57  Marine  
  29  3:05  Barracks  
  29  3:07  SCV, Barracks  
  30  3:15  Marine  
  30  3:19  SCV  
  32  3:33  Barracks Tech Lab  
  32  3:35  SCV  
  33  3:42  Siege Tank  
  33  3:44  Orbital Command  
  36  3:55  SCV  
  37  3:57  Barracks Reactor  
  37  4:00  Barracks Reactor  
  37  4:06  Engineering Bay  
  37  4:08  Engineering Bay  
  37  4:11  SCV  
  37  4:12  SCV  
  39  4:24  SCV  
  39  4:25  SCV  
  39  4:35  Marine x2  
  39  4:37  Marine x2  
  39  4:38  Siege Tank  
  46  4:41  Marauder  
  47  4:47  SCV x2  
  47  4:51  Refinery  
  47  4:52  Terran Infantry Weapons Level 1, Refinery  
  49  4:59  SCV x2  
  50  5:04  Marauder, Marine x2  
  54  5:10  Supply Depot  
  54  5:11  Supply Depot  
  54  5:28  Marine x5  
  54  5:29  SCV x2  
  61  5:38  Supply Depot  
  61  5:41  SCV x2  
  63  5:42  Terran Infantry Armor Level 1  
  63  5:44  Siege Tank  
  63  5:47  Marauder  
  68  5:51  Marine x2  
  68  5:52  Marine x2  
  68  5:53  Starport  
  72  5:59  Stimpack  
  72  6:08  Marauder  
  73  6:16  Siege Tank  
  76  6:24  Marine x2  
  76  6:25  Marine x2  
  80  6:26  SCV  
  80  6:27  SCV  
  80  6:30  Marauder  
  84  6:44  SCV x2  
  84  6:45  Armory, Marine x2  
  84  6:46  Marine x2  
  90  6:57  Command Center  
  90  6:58  SCV x2  
  92  7:01  Marauder  
  94  7:12  Supply Depot  
  94  7:14  Supply Depot  
  94  7:21  Marine x2, Medivac  
  94  7:22  Marine x2  
  100  7:31  Siege Tank  
  99  7:55  Medivac  
  101  7:59  Combat Shields  
  101  8:15  Terran Infantry Weapons Level 2, Terran Infantry Armor Level 2  
  101  8:18  Orbital Command  
  101  8:20  SCV x2  
  101  8:21  Marine x4  
  101  8:22  Marauder  
  101  8:23  Siege Tank  
  112  8:38  Marine, Medivac  
  112  8:39  Marine x2  
  117  8:43  Factory  
  113  9:35  Marine  
  113  9:36  Marine x4  
  118  9:38  Factory Tech Lab, Siege Tank  
  118  9:39  Medivac  
  122  9:53  Marine x2  
  122  9:54  Marine x2  
  126  10:08  Marine  
  126  10:11  Marine x2  
  126  10:12  Marine  
  130  10:14  Barracks  
  113  10:38  Marauder, Marine x4  
  113  10:39  Siege Tank  
  113  10:40  Siege Tank, Medivac  
  127  10:46  Orbital Command  
  127  10:56  Marine  
  123  10:59  Marauder  
  125  11:05  Marine x3  
  125  11:08  Terran Infantry Armor Level 3  
  125  11:11  Terran Vehicle And Ship Armor Level 1  
  124  11:13  Marine  
  124  11:16  SCV x2  
  124  11:17  SCV  
  128  11:20  Marine  
  129  11:28  SCV  
  129  11:29  SCV x2, Barracks  
  132  11:33  Barracks  
  132  11:35  Barracks  
  132  11:36  Barracks  
  132  11:41  Barracks  
  132  11:45  Starport  
  132  12:02  Refinery  
  132  12:05  Marine x3, Marauder  
  132  12:06  Refinery, Marine x2  
  132  12:08  Medivac  
  141  12:14  Siege Tank x2  
  141  12:15  Supply Depot  
  147  12:16  Supply Depot  
  147  12:17  Supply Depot x2  
  147  12:18  Supply Depot x2  
  147  12:21  Supply Depot  
  147  12:22  Supply Depot  
  147  12:23  Supply Depot, Marine x2  
  149  12:34  Command Center  
  149  12:36  Marauder  
  151  12:42  SCV x3  
  154  12:44  Barracks Tech Lab  
  154  12:45  Barracks Tech Lab x3  
  154  12:47  Medivac x2  
  154  12:49  Siege Tank x2  
  154  12:50  Marine x2  
  154  12:51  Marine x3  
  168  12:54  SCV  
  168  12:58  Marauder  
  172  13:08  Marine  
  173  13:17  Medivac  
  173  13:19  Marauder  
Show
View Real Time Build Order
Export as new Build Order

DeathnDisco Terran 

Build Orders:  

Get SALT Encoding   

  12  0:01  SCV  
  13  0:13  SCV  
  14  0:20  Supply Depot  
  14  0:25  SCV  
  15  0:38  Refinery  
  15  0:41  SCV  
  16  0:53  SCV, Barracks  
  17  1:04  Barracks  
  17  1:05  SCV  
  18  1:18  Barracks  
  18  1:22  SCV  
  19  1:32  Supply Depot  
  19  1:41  Refinery  
  19  1:51  Orbital Command  
  19  1:56  Barracks Tech Lab  
  19  2:00  Barracks Tech Lab  
  19  2:04  Barracks Reactor  
  19  2:18  Marauder  
  19  2:19  SCV  
  19  2:22  Concussive Shells  
  22  2:28  Marauder  
  24  2:31  SCV  
  25  2:39  Marauder  
  25  2:43  SCV, Marine  
  29  2:45  Marine  
  30  2:56  Supply Depot  
  30  3:08  Supply Depot  
  30  3:09  SCV  
  31  3:18  Marauder, Marine x2  
  35  3:21  SCV  
  38  3:27  Marauder  
  38  3:36  Marine x2  
  38  3:39  Factory  
  38  3:40  Marauder  
  42  3:53  Marine  
  42  3:55  Marauder  
  45  3:56  Marine  
  46  4:05  Supply Depot  
  46  4:12  SCV  
  47  4:26  Marine x2  
  47  4:27  Marauder  
  40  4:39  Starport  
  40  4:42  Marauder  
  40  4:44  Reaper x2  
  43  4:48  Marauder  
  44  5:03  Marauder  
  44  5:05  Factory Reactor  
  46  5:10  Marauder  
  46  5:12  SCV  
  49  5:16  Marine x2  
  49  5:19  Supply Depot  
  51  5:24  Liberator, Marine  
  52  5:33  Command Center  
  55  5:48  Supply Depot  
  55  5:53  SCV  
  58  6:05  SCV  
  59  6:17  SCV  
  60  6:20  Marauder  
  60  6:21  Marauder  
  60  6:24  Medivac  
  64  6:27  Marine  
  64  6:28  Marine  
  66  6:37  Widow Mine  
  67  6:42  Marauder  
  67  6:44  Supply Depot  
  67  6:45  SCV x2  
  71  6:57  SCV  
  71  7:00  SCV, Supply Depot  
  73  7:02  Marine  
  74  7:09  Engineering Bay  
  74  7:12  Stimpack  
  74  7:20  Medivac  
  76  7:31  Marine  
  76  7:32  Marine x3  
  77  7:49  Marine x2  
  77  7:51  Marine x2  
  80  7:52  Widow Mine  
  80  7:53  Widow Mine  
  80  7:55  Medivac  
  87  8:09  Supply Depot, SCV x2  
  89  8:13  Marauder x2  
  89  8:15  Combat Shields  
  89  8:17  Marine  
  94  8:21  SCV  
  94  8:23  Orbital Command  
  94  8:25  Widow Mine  
  97  8:28  Widow Mine  
  97  8:33  SCV  
  100  8:34  Marauder  
  100  8:35  Marauder  
  104  8:45  SCV  
  104  8:48  Refinery x2  
  103  8:56  Marauder  
  103  8:57  SCV  
  95  9:06  Liberator  
  86  9:12  Marine x3  
  86  9:17  Marine  
  87  9:26  Widow Mine x2  
  87  9:29  Orbital Command  
  87  9:30  Marine x3  
  94  9:34  Marine  
  90  9:46  SCV  
  90  9:48  Marine x2  
  92  9:58  SCV  
  86  10:06  Marine  
  87  10:07  Marauder  
  87  10:10  SCV  
  90  10:14  SCV  
  82  10:22  SCV  
  82  10:26  SCV  
  36  10:34  SCV  
  41  10:37  Marauder  
  41  10:38  Marine x2, Marauder  
  41  10:41  SCV  
  42  10:59  Marauder  
  40  11:14  Marine x3  
  40  11:17  Widow Mine  
  45  11:20  Marine  
  46  11:28  SCV x2  
  46  11:32  Marine x3  
  51  11:37  Marine  
  52  11:42  Terran Infantry Weapons Level 1  
  52  11:49  Marine x2  
  52  11:50  Marine  
  52  11:52  SCV  
  52  11:53  SCV  
  57  11:55  Marine  
  58  12:04  SCV  
  58  12:05  SCV  
  58  12:07  Marine x2  
  58  12:08  Marauder  
  64  12:14  Marauder  
  66  12:27  Engineering Bay x2  
  66  12:28  Marine x2  
  66  12:29  Marine  
  68  12:34  Marine  
  69  12:39  SCV x2  
  71  12:46  Marine  
  71  12:48  Widow Mine x2  
  71  12:51  SCV, Marine  
  77  12:52  SCV  
  79  12:58  Marine  
  79  12:59  Marine  
  79  13:02  Starport Reactor  
  79  13:04  Marine  
  82  13:09  Marine  
  84  13:12  SCV  
  84  13:13  SCV  
  85  13:25  SCV  
Tags
 
Composition
Bio Tank
League
GoldGold
Matchup
TvT
Race
Terran
Add a new tag
Caveats
  • Supply blocks, unpowered buildings, or Contaminate may cause inaccurate times.
  • Supply counts are checked every 10 seconds.